 Dungeon Crawl Stone Soup version 0.30-a0-422-g946f4849ff (webtiles) character file.

Game seed: 12689071274863644239

2569 wvc the Arsonist (level 9, -11/45 HPs)
             Began as a Gargoyle Fire Elementalist on Dec 8, 2022.
             Was a Follower of Vehumet.
             Mangled by an orc warrior
             ... wielding a +2 glaive of flaming
              (13 damage)
             ... on level 7 of the Dungeon.
             The game lasted 00:22:48 (6574 turns).

wvc the Arsonist (Gargoyle Fire Elementalist)       Turns: 6574, Time: 00:22:49

Health: -11/45     AC: 16    Str: 11    XL:     9   Next: 57%
Magic:  12/21      EV: 11    Int: 21    God:    Vehumet [*.....]
Gold:   287        SH:  0    Dex: 10    Spells: 13/24 levels left

rFire   . . .      SeeInvis .    g - +1 mace (protect)
rCold   . . .      Faith    .    l - orb {light}
rNeg    + . .      Spirit   .    a - +0 robe
rPois   ∞          Reflect  .    C - +2 helmet
rElec   +          Harm     .    B - +0 cloak
rCorr   .          Rampage  .    n - +0 pair of gloves
Will    .....                    q - +2 pair of boots
Stlth   +.........               (no amulet)
HPRegen 0.27/turn                (no ring)
MPRegen 0.17/turn                (no ring)

@: weak-willed, glowing
A: sickness immunity, AC +6, negative energy resistance 1, electricity
resistance, torment resistance 1, petrification resistance
a: Renounce Religion


You were on level 7 of the Dungeon.
You worshipped Vehumet.
Vehumet was aware of your devotion.
You visited 2 branches of the dungeon, and saw 8 of its levels.

You collected 287 gold pieces.

Inventory:

Hand Weapons
 g - a +1 mace of protection (weapon)
 m - a +2 short sword of draining
 p - a +2 dagger of venom
Missiles
 c - 3 throwing nets
 h - 13 poisoned darts
 y - 4 atropa-tipped darts
Armour
 a - a +0 robe (worn)
 l - an orb of light (worn)
 n - a +0 pair of gloves (worn)
 q - a +2 pair of boots (worn)
 B - a +0 cloak (worn)
 C - a +2 helmet (worn)
Jewellery
 d - a ring of positive energy
 x - a ring of positive energy
Wands
 r - a wand of roots (17)
 w - a wand of quicksilver (14)
 H - a wand of flame (10)
 I - a wand of digging (4)
Scrolls
 i - 3 scrolls of amnesia
 k - a scroll of vulnerability
 s - 5 scrolls of identify
 t - a scroll of butterflies {unknown}
 v - 2 scrolls of magic mapping {unknown}
 z - 2 scrolls of enchant weapon {unknown}
 E - a scroll of summoning {unknown}
 F - 2 scrolls of enchant armour {unknown}
 J - a scroll of blinking {unknown}
Potions
 b - a potion of magic
 e - 4 potions of invisibility
 f - 3 potions of curing
 j - a potion of degeneration {unknown}
 o - a potion of heal wounds {unknown}
 u - 2 potions of cancellation {unknown}
 A - 2 potions of mutation {unknown}
 D - 2 potions of flight {unknown}
 G - a potion of ambrosia {unknown}


   Skills:
 + Level 0.2 Fighting
 - Level 1.5 Dodging
 - Level 2.1 Stealth
 * Level 8.0 Spellcasting
 + Level 5.8 Conjurations
 * Level 8.4 Fire Magic


You had 13 spell levels left.
You knew the following spells:

 Your Spells              Type           Power      Damage    Failure   Level
a - Foxfire               Conj/Fire      100%       2x1d9     1%          1
b - Apportation           Tloc           16%        N/A       8%          1
c - Inner Flame           Hex/Fire       26%        N/A       4%          3
d - Scorch                Fire           86%        2d9       1%          2
e - Flame Wave            Conj/Fire      38%        2d10      4%          4

Your spell library contained the following spells:

 Spells                   Type           Power      Damage    Failure   Level
 Shock                    Conj/Air       80%        1d8       2%          1
 Necrotise                Necr           32%        1d5       8%          1
 Summon Small Mammal      Summ           32%        N/A       8%          1
 Kindle Blastsparks       Fire/Tloc/Air  40%        2d13      8%          3
 Gell's Gravitas          Tloc           8%         N/A       24%         3
 Lesser Beckoning         Tloc           16%        N/A       24%         3
 Teleport Other           Tloc           8%         N/A       24%         3
 Dispersal                Tloc           4%         N/A       100%        6


Dungeon Overview and Level Annotations

Branches:
Dungeon (7/15)             Temple (1/1) D:6

Altars:
Ashenzari
Cheibriados
Dithmenos
Elyvilon
Gozag
Hepliaklqana
Kikubaaqudgha
Makhleb
Nemelex Xobeh
Ru
Sif Muna
Uskayaw
Vehumet
Wu Jian
Xom
Yredelemnul
Zin
The Shining One


Innate Abilities, Weirdness & Mutations

You are immune to sickness and miasma.
Your stone body is resilient. (AC +6)
You are immune to poison.
You resist negative energy. (rN+)
You are resistant to electric shocks. (rElec)
You are resistant to unholy torment.
You are immune to petrification.


Message History

As you read the scroll labelled KYTRYQ HOOTHRUTWENO, it crumbles to dust.
It is a scroll of amnesia.
Really abort (and waste the scroll)? [Y]es or [N]o only, please.
Really abort (and waste the scroll)?
Okay, then.
The black bear bites you.
* * * LOW HITPOINT WARNING * * *
The black bear claws you but does no damage. x2
As you read the scroll labelled HUPNIJ QEPLUOZ, it crumbles to dust.
Magic quickly surges around you.
It was a scroll of vulnerability.
The black bear barely misses you.
The black bear claws you but does no damage.
The black bear misses you. The black bear closely misses you.
The black bear claws you but does no damage. x2
Casting: Foxfire (safe; 1% risk of failure)
Confirm with . or Enter, or press ? or * to list all spells.
Casting: Flame Wave (dangerous; 4% risk of failure)
Press: ? - help, Dir - look around, f - activate A wave of flame ripples out!
The flame wave engulfs the black bear!
You kill the black bear!
Vehumet accepts your kill.
The flame wave engulfs the orc!
You kill the orc!
Vehumet accepts your kill.
You can now gain magical power from killing.
Vehumet offers you knowledge of Shock. (Press . to intensify the flame waves.)
Your Spellcasting skill increases to level 8!
A wave of flame ripples out!
The flame wave engulfs the orc wizard!
The orc wizard is almost dead.
You hear a shout!
The orc wizard hits you with a +0 dagger.
* * * LOW HITPOINT WARNING * * *
A wave of flame ripples out!
The flame wave engulfs the orc wizard!
You kill the orc wizard!
Vehumet accepts your kill.
You finish channelling waves of flame.
The orc warrior hits you with a +2 glaive of flaming!
You die...

#.. #§..#...#..
# #####..
#)..##### .
#.#...#.. #.§o#
....
#.###.#.....#
..###...###...##
##.#.o...# ###.#
#.$o#§..#...# .#
#.).#####...#
#...#@).#...#
##.#o....#.##
..###...## . ###
##### #.


You could see an orc warrior.

Vanquished Creatures
  Prince Ribbit (D:5)
  Grinder (D:3)
  Sigmund (D:2)
  A water moccasin (D:6)
  A black bear (D:7)
  An ice beast (D:5)
  2 ogres
  A phantom (D:6)
  Blork the orc (D:5)
  2 bullfrogs
  2 scorpions
  A necrophage (D:5)
  8 electric eels (D:6)
  3 hounds
  A jelly (D:6)
  An orc priest (D:5)
  Crazy Yiuf (D:4)
  Jessica (D:1)
  A gnoll bouda (D:6)
  4 iguanas
  2 orc wizards (D:7)
  Robin (D:3)
  12 adders
  14 gnolls
  2 shadow imps (D:5)
  A white imp (D:6)
  2 worms (D:2)
  5 dart slugs
  18 orcs
  3 endoplasms
  5 giant cockroaches
  15 goblins
  9 hobgoblins
  4 jackals
  12 kobolds
  3 quokkas
  7 ball pythons
  A bat (D:2)
  5 frilled lizards
  5 rats
161 creatures vanquished.

Vanquished Creatures (collateral kills)
  6 foxfires (D:6)
6 creatures vanquished.

Vanquished Creatures (others)
  394 foxfires
  A fungus (D:4)
  12 plants (D:6)
407 creatures vanquished.

Grand Total: 574 creatures vanquished

Notes
Turn   | Place    | Note
-------+----------+-------------------------------------------
     0 | D:1      | wvc the Gargoyle Fire Elementalist began the quest for the
                  | Orb.
     0 | D:1      | Reached XP level 1. HP: 10/10 MP: 3/3
   546 | D:1      | Reached XP level 2. HP: 15/15 MP: 1/5
   831 | D:2      | Reached XP level 3. HP: 15/19 MP: 6/6
   833 | D:2      | Noticed Jessica
   856 | D:1      | Killed Jessica
  1067 | D:2      | Reached XP level 4. HP: 24/24 MP: 4/7
  1696 | D:2      | Noticed Sigmund
  1851 | D:2      | Killed Sigmund
  1852 | D:2      | Reached skill level 5 in Fire Magic
  1852 | D:2      | Reached XP level 5. HP: 15/28 MP: 1/10
  1852 | D:2      | Reached XP level 6. HP: 17/32 MP: 1/11
  2083 | D:3      | Found a hazy altar of Hepliaklqana.
  2084 | D:3      | Found a shimmering altar of Xom.
  2085 | D:3      | Noticed a spectral ugly thing
  2129 | D:3      | Noticed Robin
  2166 | D:3      | Killed Robin
  2293 | D:3      | Noticed Grinder
  2301 | D:3      | Paralysed by Grinder for 2 turns
  2305 | D:3      | Killed Grinder
  2306 | D:3      | Reached XP level 7. HP: 26/36 MP: 4/13
  3093 | D:4      | Found a sacrificial altar of Ru.
  3603 | D:4      | Reached skill level 5 in Spellcasting
  3701 | D:4      | Found a runed translucent door.
  3702 | D:4      | Noticed Crazy Yiuf
  3720 | D:4      | Killed Crazy Yiuf
  3804 | D:5      | Entered Level 5 of the Dungeon
  4176 | D:5      | Reached XP level 8. HP: 41/41 MP: 13/16
  4407 | D:5      | Noticed Blork the orc
  4413 | D:5      | Killed Blork the orc
  4552 | D:5      | Noticed Prince Ribbit
  4559 | D:5      | Killed Prince Ribbit
  4788 | D:5      | Learned a level 1 spell: Apportation
  4917 | D:6      | Found a staircase to the Ecumenical Temple.
  4961 | Temple   | Entered the Ecumenical Temple
  5116 | Temple   | Learned a level 3 spell: Inner Flame
  5119 | Temple   | Learned a level 2 spell: Scorch
  5124 | Temple   | Learned a level 4 spell: Flame Wave
  5226 | Temple   | Became a worshipper of Vehumet
  5315 | D:6      | Reached XP level 9. HP: 38/45 MP: 15/19
  5348 | D:6      | Found a white marble altar of Elyvilon.
  5359 | D:6      | Reached skill level 5 in Conjurations
  6569 | D:7      | HP: 2/45 [black bear (5)]
  6571 | D:7      | Reached * piety under Vehumet
  6571 | D:7      | Offered knowledge of Shock by Vehumet.
  6574 | D:7      | Mangled by an orc warrior

Illustrated notes

Levels and vault maps discovered:
D:1:      dpeg_arrival_tiny_g, layout_loops_cross
D:2:      minmay_evil_eye, layout_basic, minmay_statues_item, uniq_jessica,
          uniq_sigmund
D:3:      minmay_wonky_spiral, layout_rooms, regret_index_temple_of_mockery,
          interstate_on_off, minmay_puff, uniq_robin, uniq_grinder
D:4:      cheibrodos_helix_gallery, layout_rooms, hangedman_ru_absence,
          uniq_crazy_yiuf_cottage
D:5:      layout_gridville, uniq_prince_ribbit1, uniq_blork_the_orc
D:6:      layout_basic, old_standard_altar, minmay_temple_entry_arrows,
          serial_bayou, serial_bayou_ford_a, serial_bayou_crossing,
          serial_bayou_pond_c, serial_bayou_lagoon_b
D:7:      nicolae_cairo_tiling, layout_rooms, mainiacjoe_overflow_catwalk,
          enter_bailey_2, eino_small_chamber_without_monster, uniq_menkaure,
          uniq_joseph
Temple:   zaba_magenta_temple

Skill      XL: |  1  2  3  4  5  6  7  8  9 |
---------------+----------------------------+-----
Fire Magic     | 4 5 6 7 8 |  8.4
Spellcasting   | 3 4 5 7 8 |  8.0
Conjurations   | 2 3 4 5 |  5.8
Fighting       | |  0.2
Dodging        | |  1.5
Stealth        | |  2.1

Action                   |  1- 3 |  4- 6 |  7- 9 || total
-------------------------+-------+-------+-------++-------
Melee: Unarmed           |     2 |       |       ||     2
       Mace              |    30 |    66 |   157 ||   253
       Punch             |     1 |     1 |       ||     2
 Cast: Foxfire           |    20 |    45 |   180 ||   245
       Flame Wave        |       |       |     3 ||     3
  Use: Scroll            |       |     2 |     2 ||     4
Armor: Robe              |    22 |    52 |   168 ||   242
Dodge: Dodged            |    23 |    74 |   153 ||   250

Table legend: (Time is in decaauts)
 A = Elapsed time spent in this place.
 B = Non-inter-level travel time spent in this place.
 C = Inter-level travel time spent in this place.
 D = Time resting spent in this place.
 E = Time spent auto-exploring this place.
 F = Levels seen in this place.
 G = Mean time per level.
                   A        B        C        D        E       F      G
               +--------+--------+--------+--------+--------+-----+--------+
         Total |   6737 |   6561 |    176 |    353 |   4706 |   8 |  842.1 |
       Dungeon |   6454 |   6294 |    160 |    300 |   4570 |   7 |  922.0 |
        Temple |    282 |    266 |     16 |     53 |    136 |   1 |  282.0 |
               +--------+--------+--------+--------+--------+-----+--------+

Top non-repeatable levels by time:
     D:2: 1192 daAuts
     D:6: 1180 daAuts
     D:5: 1070 daAuts
     D:3: 970 daAuts
     D:1: 877 daAuts
     D:4: 857 daAuts
     D:7: 306 daAuts
  Temple: 282 daAuts
